 Dungeon Crawl Stone Soup version 0.29.1-1-gd02db6906a (webtiles) character file.

Game seed: 18329845051344659834

39 LustLizard the Slasher (level 3, -2/28 HPs)
             Began as a Human Gladiator on Oct 3, 2022.
             Slain by a black bear (4 damage)
             ... on level 4 of the Dungeon.
             The game lasted 00:01:32 (951 turns).

LustLizard the Slasher (Human Gladiator)             Turns: 951, Time: 00:01:32

Health: -2/28      AC:  4    Str: 14    XL:     3   Next: 67%
Magic:  3/3        EV: 12    Int:  8    God:
Gold:   58         SH:  0    Dex: 16    Spells: 2/2 levels left

rFire   . . .      SeeInvis .   a - +1 long sword
rCold   . . .      Faith    .   (no shield)
rNeg    . . .      Spirit   .   b - +0 leather armour
rPois   .          Reflect  .   c - +0 helmet
rElec   .          Harm     .   (no cloak)
rCorr   .          Rampage  .   (no gloves)
Will    .....                   (no boots)
Stlth   +.........              l - amulet of magic regeneration
HPRegen 0.09/turn               (no ring)
MPRegen 0.48/turn               (no ring)

@: no status effects
A: no striking features
a: no special abilities


You were on level 4 of the Dungeon.
You visited 1 branch of the dungeon, and saw 3 of its levels.

You collected 58 gold pieces.

Inventory:

Hand Weapons
 a - a +1 long sword (weapon)
Missiles
 d - 3 throwing nets (quivered)
 e - a javelin
 h - 20 stones
Armour
 b - a +0 leather armour (worn)
 c - a +0 helmet (worn)
Jewellery
 l - an amulet of magic regeneration (around neck)
Scrolls
 k - 2 scrolls of enchant weapon
Potions
 f - a potion of flight {unknown}
 g - a potion of resistance {unknown}
 i - a potion of haste {unknown}
 j - a potion of ambrosia {unknown}


   Skills:
 + Level 2.3 Fighting
 * Level 3.5 Long Blades
 + Level 2.3 Throwing
 + Level 0.9 Armour
 + Level 3.2 Dodging


You had 2 spell levels left.
You didn't know any spells.
Your spell library contained the following spells:

 Spells                   Type           Power      Damage    Failure   Level
 Apportation              Tloc           0%         N/A       47%         1
 Alistair's Intoxication  Tmut/Pois      0%         N/A       100%        5


Dungeon Overview and Level Annotations

Branches:
Dungeon (2/15)

Altars:

Shops:
D:4 (

Annotations:
D:4 Eustachio


Message History

You see here a human corpse.
Eustachio the Magnificent comes into view.
He is wielding a +0 rapier.
A black bear comes into view.
The black bear growls angrily.
The adder bites you but does no damage. The adder barely misses you.
You closely miss the adder. The adder bites you but does no damage.
You slash the adder!
The adder is severely wounded.
The adder barely misses you. x2
You slash the adder!
You kill the adder!
Okay, then.
You hit the black bear but do no damage.
The black bear bites you! The black bear barely misses you.
The black bear claws you but does no damage.
You hit the black bear.
The black bear is lightly wounded.
The black bear bites you! The black bear misses you.
The black bear closely misses you. The black bear bites you.
* * * LOW HITPOINT WARNING * * *
The black bear claws you.
* * * LOW HITPOINT WARNING * * *
The black bear claws you but does no damage.
As you read the scroll labelled NIF SORARIA, it crumbles to dust.
It is a scroll of enchant weapon.
Your +0 long sword glows red for a moment.
The black bear bites you but does no damage.
The black bear claws you.
* * * LOW HITPOINT WARNING * * *
The black bear claws you.
* * * LOW HITPOINT WARNING * * *
Unknown command.
You barely miss the black bear.
The black bear is lightly wounded.
The black bear barely misses you.
The black bear claws you but does no damage. x2
You barely miss the black bear.
The black bear is lightly wounded.
The black bear barely misses you. The black bear claws you.
You die...

.. .. .# ### #.#
#@#####..#
#.h.....#
###...### #
...##..†..#....
..........).....
....#...∩....##.
.............#
....##.....###
.... ##...##


You could see a black bear.

Vanquished Creatures
  2 adders
  A dart slug (D:2)
  3 ball pythons
  3 endoplasms (D:1)
  A goblin (D:1)
  2 hobgoblins (D:1)
  2 quokkas (D:1)
  A frilled lizard (D:1)
  3 rats (D:1)
18 creatures vanquished.

Notes
Turn   | Place    | Note
-------+----------+-------------------------------------------
     0 | D:1      | LustLizard the Human Gladiator began the quest for the Orb.
     0 | D:1      | Reached XP level 1. HP: 16/16 MP: 1/1
   131 | D:1      | Reached XP level 2. HP: 22/22 MP: 2/2
   257 | D:1      | Found a faded altar of an unknown god.
   685 | D:2      | Reached XP level 3. HP: 19/27 MP: 3/3
   934 | D:2      | You fall into a shaft and drop 2 floors!
   934 | D:4      | Found Juger's Weapon Shop.
   937 | D:4      | Noticed Eustachio
   938 | D:4      | Noticed a black bear
   951 | D:4      | Slain by a black bear

Illustrated notes

Levels and vault maps discovered:
D:1:      amcnicky_arrival_blooded_trapdoor, layout_rooms,
          ebering_ecumenical_altar_petrified
D:2:      layout_basic, minmay_misc_feat_columns, nrook_uturn, uniq_robin
D:4:      layout_cave_pools, minmay_temple_entry_mist, serial_shops,
          nicolae_shop_bloodbath_and_beyond, gammafunk_ghost_nasty_kobolds,
          kennysheep_generic_room_13, uniq_eustachio

Action                   || total
-------------------------++-------
Melee: Long sword        ||    47
  Use: Scroll            ||     1
 Stab: Sleeping          ||     1
Armor: Leather armour    ||    18
Dodge: Dodged            ||    30
